Arrhythmia, chaotic female vampiric Convict ---------- ------- #|......."| |.....| ------- ###|........| |.....| |.....| # |........| |..^..| #.....<|##################%##################-........| ---.--- #|.....|# #-----.-------# # |........| # #---.---# #|`.........`|##############.........| ################### #|.....`.....|# ---------- # #|.%.-----...|# # #|...|.{.|...|# ### #|..`|{.{|`..|# ---------------# #|...|.{.|...|# |.............-################|...---.-...|# |...........%.|# |.....`.....|# |.............+# |`.........`|#################@# |.............| ------------- -f- --------------- .!... |........ ---------- Arrhythmia the Inmate Experience level: 5 Strength: 15 Dexterity: 15 Constitution: 13 Intelligence: 12 Wisdom: 8 Charisma: 6 Health: 0(41) Energy: 31(31) AC: 10 Gold: 454 Moves: 1680 Your Inventory: Coins $ - 454 gold pieces Weapons o - an [uncursed +0] curved sword [scimitar] (weapon in hand) Armor b - an uncursed +0 striped shirt Scrolls n - an [uncursed] scroll of teleportation p - 2 [uncursed] unlabeled scrolls [of blank paper] Potions q - a [blessed] golden potion [of hallucination] r - an [uncursed] cloudy potion [of invisibility] s - an [uncursed] magenta potion [of object detection] u - a [blessed] emerald potion [of booze] Wands j - an [uncursed] nickel wand [of create monster (0:14)] Tools t - an [uncursed] looking glass [mirror] Gems g - an [uncursed] violet gem [worthless glass] k - an [uncursed] red gem [worthless glass] (in quiver) Spells known in the end: Name Level Category Fail Memory a - detect food 2 divination 100% [||||||||] Your skills at the end: Fighting Skills Weapon Skills sling [Basic / Skilled] Spellcasting Skills Final Attributes: You were devoutly aligned. Hunger level was 72. Your alignment was 17 / 18. Monster difficulty range was 0 - 5. Level difficulty was 5. You were immune to level-drain. You were immune to sickness. You could fly. You could survive without air. You regenerated. Your luck was zero. You are dead. Vanquished creatures: a water nymph a shrieker 2 violet fungi a golden naga hatchling a paper golem a little dog an iguana an acid blob 2 coyotes a hobbit a large kobold a gecko a jackal a goblin 2 sewer rats 3 grid bugs 2 bats 4 lichens a kobold zombie 5 newts 33 creatures vanquished. Voluntary challenges: You went without food. You used a wielded weapon 8 times. You read items or engraved 93 times. You put on armor 1 time. You never genocided any monsters. You never polymorphed an object. You never changed form. You used no wishes. You wrote Elbereth's name 64 times. You never encountered a bones level. You never used any Sokoban shortcuts. Dungeon overview: The Dungeons of Doom: levels 1 to 5 Level 1 a fountain a long staircase Level 4 a long staircase Level 5 <- You were here many fountains History has recorded: On T:1 you entered the Dungeons of Doom to retrieve the Amulet of Yendor! On T:344 you reached level 2 of The Dungeons of Doom. On T:720 you advanced to experience level 2. On T:757 you advanced to experience level 3. On T:789 you reached level 3 of The Dungeons of Doom. On T:860 you advanced to experience level 4. On T:1014 you reached level 4 of The Dungeons of Doom. On T:1239 you reached level 5 of The Dungeons of Doom. On T:1294 you advanced to experience level 5. Latest messages: You feed on the lifeblood. The golden naga hatchling suddenly seems weaker! The golden naga hatchling bites! You miss the golden naga hatchling. You bite the golden naga hatchling. You kill the golden naga hatchling! The housecat bites! [HP-1=17] You miss the housecat. (2x) The housecat bites! [HP-5=12] You miss the housecat. (2x) The housecat bites! [HP-1=11] You miss the housecat. (2x) The housecat bites! (2x) [HP-8=3] You scrawl "Elbereth" with your fingers onto the ground. The housecat bites! [HP-1=2] You add "Elbereth" with your fingers to the scrawl on the ground. The housecat bites! You die... Final status: Goodbye Arrhythmia the Convict... You died in The Dungeons of Doom on dungeon level 5 with 1637 points, and 454 pieces of gold, after 1680 moves. You were level 5 with a maximum of 41 hit points when you died.